 Dungeon Crawl Stone Soup version 0.28-a0-474-g535839065c (webtiles) character file.

Game seed: 5155500874814945107

1225 spiderkeys the Skirmisher (level 8, -1/56 HPs)
             Began as an Octopode Abyssal Knight on Sept 15, 2021.
             Was a Believer of Lugonu.
             Splashed by a jelly's acid (5 damage)
             ... on level 5 of the Dungeon.
             The game lasted 00:04:55 (3571 turns).

spiderkeys the Skirmisher (Octopode Abyssal Knight) Turns: 3571, Time: 00:04:55

Health: -1/56      AC:  1    Str: 12 (13) XL:     8   Next: 47%
Magic:  12/12      EV: 13    Int: 20 (21) God:    Lugonu [**....]
Gold:   416        SH:  3    Dex: 10 (11) Spells: 7/7 levels left

rFire   . . .      SeeInvis .   a - +1 spear (elec)
rCold   . . .      Faith    .   n - +0 buckler
rNeg    . . .      Spirit   .   (helmet restricted)
rPois   .          Reflect  .   (no amulet)
rElec   .          Harm     .   I - +6 ring of intelligence
rCorr   .          Rampage  .   (no ring)
Will    .....                   (no ring)
Stlth   +++.......              (no ring)
HPRegen 0.18/turn               (no ring)
MPRegen 0.13/turn               (no ring)
                                (no ring)
                                (no ring)

@: brilliant, attractive
A: almost no armour, amphibious, 8 rings, camouflage 1, gelatinous body 1,
(nimble swimmer 1), tentacles
a: Renounce Religion, Depart the Abyss, Bend Space


You were on level 5 of the Dungeon.
You worshipped Lugonu.
Lugonu was pleased with you.
You visited 2 branches of the dungeon, and saw 5 of its levels.
You visited the Abyss 1 time.

You collected 416 gold pieces.


Innate Abilities, Weirdness & Mutations

You cannot wear most types of armour.
You are amphibious.
You can wear up to eight rings at the same time.
Your skin changes colour to match your surroundings (Stealth+).
Your rubbery body absorbs attacks. (AC +1, EV +1)
((You are camouflaged near water. (Stealth+)))
You have tentacles for arms and can constrict up to eight enemies at once.


   Skills:
 + Level 5.6 Fighting
 + Level 5.0 Polearms
 + Level 5.1 Dodging
 - Level 3.1 Stealth
 + Level 1.3 Shields
 + Level 5.4 Invocations


You had 7 spell levels left.
You didn't know any spells.
Your spell library was empty.

Inventory:

Hand Weapons
 a - a +1 spear of electrocution (weapon)
Missiles
 c - 92 stones
 e - 25 bolts
 h - 13 arrows
 i - 19 sling bullets
 j - 7 boomerangs
Armour
 n - a +0 buckler (worn)
   (You found it on level 5 of the Dungeon)
Jewellery
 I - a +6 ring of intelligence (left tentacle)
   (You found it on level 1 of the Dungeon)
Scrolls
 g - a scroll of immolation {unknown}
 k - a scroll of identify {@r1}
 l - a scroll of fog {unknown}
 m - a scroll of magic mapping {!r}

Dungeon Overview and Level Annotations

Branches:
Dungeon (5/15)             Temple (1/1) D:4

Altars:
The Shining One

Annotations:
D:5 Grinder

.........#......#...#
........##.........#
........##.......### .)
........##........# ..#
.......###....#...#
...# ...#
##...###..##...#
.....#...####......##
.........####........##
...#####...#..@J?..$..#
##..............
##..[........#
##...†5†...##
##.........#
#...........#
#...#.........
#.####....###. #.#
#....#


You could see Grinder and a jelly.


Message History

The quokka closely misses you.
You hit the phantom. Lightning courses through the phantom!
Your squeeze misses the phantom. The phantom barely misses you.
The quokka bites you. 😮 HP[-2]
You take 2 damage, and now have 29/56 hp.
You closely miss the phantom. The phantom closely misses you.
The quokka barely misses you. 😮 MP[+1]
Your mp is fully restored (12).
You closely miss the phantom. The dart slug launches a dart at you.
The slug dart hits you.
* * * LOW HITPOINT WARNING * * *
You block the phantom's attack. The quokka closely misses you. 😨 HP[-5]
You take 5 damage, and now have 24/56 hp.
You hit the phantom. The quokka completely misses you. The phantom hits you.
* * * LOW HITPOINT WARNING * * *
😨 HP[-6]
You take 6 damage, and now have 18/56 hp.
You puncture the phantom!
You destroy the phantom!
Lugonu accepts your kill. The quokka bites you.
* * * LOW HITPOINT WARNING * * *
Your Polearms skill increases to level 5!
You hit the quokka. Your grab misses the quokka. The quokka misses you.
You miss the quokka. Your grab misses the quokka.
The quokka closely misses you.
You hit the quokka.
You kill the quokka!
Lugonu accepts your kill.
You hit the dart slug but do no damage.
Lightning courses through the dart slug!
You kill the dart slug!
Lugonu accepts your kill.
You see here a scorpion corpse. 😨 HP[+1] Key pressed, stopping explore.
Key pressed, stopping explore.
Key pressed, stopping explore.
A jelly comes into view. 😕 HP[+27]
You regained 27 hp, and now have 46/56 hp.
A jelly is nearby!
A jelly is nearby!
A jelly is nearby!
A jelly is nearby!
You see here a scorpion corpse.
Grinder comes into view.
She is carrying a wand of flame (14).
The jelly quivers. 😕 HP[+1]
You closely miss Grinder.
Grinder shouts!
You grab Grinder. You constrict Grinder. Grinder hits you!
You writhe in agony. 😮 HP[-11]
You take 11 damage, and now have 36/56 hp.
You hit Grinder but do no damage. You constrict Grinder.
Grinder zaps a wand.
The puff of flame hits you! 😮 HP[-7]
You take 7 damage, and now have 29/56 hp.
You hit Grinder. You squeeze Grinder. You constrict Grinder.
The jelly misses you. Grinder completely misses you.
You hit Grinder. You constrict Grinder. The jelly barely misses you.
You hit Grinder. You constrict Grinder.
Grinder zaps a wand.
The puff of flame hits you!
* * * LOW HITPOINT WARNING * * *
The jelly barely misses you. 😨 HP[-12]
You take 12 damage, and now have 17/56 hp.
MASSIVE DAMAGE!! (PAUSE)
You completely miss Grinder. You constrict Grinder.
Grinder blinks free!
The jelly closely misses you.
You hit the jelly but do no damage.
Your tentacles burn!
* * * LOW HITPOINT WARNING * * *
The jelly hits you.
* * * LOW HITPOINT WARNING * * *
You are splashed with acid!
* * * LOW HITPOINT WARNING * * *
😱 HP[-13]
You take 13 damage, and now have 4/56 hp.
MASSIVE DAMAGE!! (PAUSE) It was a potion of brilliance.
You feel clever all of a sudden. The jelly barely misses you.
It was a potion of degeneration.
There was something very wrong with that liquid.
You feel weakened.
You feel dopey.
You feel clumsy. Grinder gestures at you. You resist with some effort.
The jelly misses you.
It was a potion of attraction.
You feel attractive to monsters. Grinder gestures at you.
You resist with some effort. The jelly hits you.
* * * LOW HITPOINT WARNING * * *
You are splashed with acid.
You die...

Skill      XL: |  1  2  3  4  5  6  7  8 |
---------------+-------------------------+-----
Fighting       | 4 5 |  5.6
Polearms       | 4 5 |  5.0
Dodging        | 4 5 |  5.1
Invocations    | 4 5 |  5.4
Stealth        | 2 3 |  3.1
Shields        | 1 |  1.3

Action                   |  1- 3 |  4- 6 |  7- 9 || total
-------------------------+-------+-------+-------++-------
Melee: Spear             |    13 |       |   208 ||   221
       Constrict         |     2 |       |    38 ||    40
       Tentacles         |     2 |       |    34 ||    36
Invok: Depart the Abyss  |       |       |     1 ||     1
  Use: Scroll            |       |       |     7 ||     7
       Potion            |       |       |     3 ||     3
 Stab: Sleeping          |       |       |    11 ||    11
Armor: Skin              |       |       |     7 ||     7
Dodge: Dodged            |       |       |    91 ||    91
Block: Buckler           |       |       |    10 ||    10

Levels and vault maps discovered:
D:1:      grunt_arrival_lava_bath, layout_loops_ring,
          hellmonk_ecumenical_altar_dog_temple, corner_web_ring,
          dk_noncrumbling_3, grunt_decor_cap
D:2:      layout_loops_ring, minmay_circle_x, uniq_jessica
D:4:      layout_gridville, mainiacjoe_overflow_paths,
          minmay_temple_entry_statues_pillars, grunt_ministairs_12
D:5:      layout_layer_cave, nicolae_elyvilon_peaceful_grove,
          kennysheep_mini_moat, uniq_blork_the_orc, uniq_grinder,
          uniq_crazy_yiuf_cottage, uniq_menkaure
Temple:   jpeg_temple_island

Notes
Turn   | Place    | Note
-------+----------+-------------------------------------------
     0 | Abyss:1  | spiderkeys the Octopode Abyssal Knight began the quest for
                  | the Orb.
     0 | Abyss:1  | Reached XP level 1. HP: 16/16 MP: 2/2
     0 | Abyss:1  | magus.rc [v1.9.10]
    57 | Abyss:2  | Found a corrupted altar of Lugonu.
    78 | Abyss:2  | Noticed a glowing orange brain
    96 | Abyss:2  | Noticed a ynoxinul
    96 | Abyss:2  | Noticed a sixfirhy
    96 | Abyss:2  | Noticed a hellion
    96 | Abyss:2  | Killed a glowing orange brain
    97 | Abyss:2  | Reached skill level 4 in Fighting
    97 | Abyss:2  | Reached skill level 4 in Polearms
    97 | Abyss:2  | Reached skill level 4 in Dodging
    97 | Abyss:2  | Reached skill level 4 in Invocations
    97 | Abyss:2  | Reached XP level 2. HP: 23/23 MP: 3/5
    97 | Abyss:2  | Reached XP level 3. HP: 27/27 MP: 3/6
    97 | Abyss:2  | Reached XP level 4. HP: 34/34 MP: 3/7
    97 | Abyss:2  | Reached XP level 5. HP: 38/38 MP: 3/8
    97 | Abyss:2  | Reached XP level 6. HP: 44/44 MP: 3/9
    97 | Abyss:2  | Reached XP level 7. HP: 49/49 MP: 3/10
   178 | D:1      | You pass through the gate.
   178 | D:1      | Escaped the Abyss
   369 | D:1      | Found a faded altar of an unknown god.
   376 | D:1      | Reached * piety under Lugonu
  1204 | D:2      | Noticed Jessica
  1208 | D:2      | Killed Jessica
  1209 | D:2      | Reached skill level 1 in Stealth
  1271 | D:2      | Reached ** piety under Lugonu
  1811 | D:2      | You fall into a shaft and drop 2 floors!
  1908 | D:4      | Reached skill level 5 in Fighting
  2084 | D:4      | Reached skill level 2 in Stealth
  2133 | D:4      | Found a glowing golden altar of the Shining One.
  2306 | D:4      | Reached skill level 5 in Invocations
  2306 | D:4      | Reached XP level 8. HP: 20/55 MP: 11/11
  2704 | D:4      | Found a staircase to the Ecumenical Temple.
  2754 | D:4      | Reached skill level 3 in Stealth
  3231 | Temple   | Entered the Ecumenical Temple
  3309 | D:5      | Entered Level 5 of the Dungeon
  3372 | D:5      | Reached skill level 5 in Dodging
  3392 | D:5      | Reached skill level 1 in Shields
  3399 | D:5      | Reached skill level 5 in Polearms
  3558 | D:5      | Noticed Grinder
  3568 | D:5      | HP: 14/56 [acid (3)]
  3568 | D:5      | HP: 4/56 [acid (9)]
  3571 | D:5      | Splashed by a jelly's acid

Vanquished Creatures
  A glowing orange brain (Abyss:2)
  An ogre (D:4)
  A phantom (D:5)
  A bullfrog (D:4)
  A scorpion (D:5)
  A water moccasin skeleton (D:4)
  A howler monkey (D:5)
  A bullfrog skeleton (D:4)
  An orc priest (D:4)
  A hound (D:5)
  Jessica (D:2)
  2 iguanas
  3 orc wizards (D:4)
  A hound zombie (D:5)
  A hound skeleton (D:4)
  An adder (D:4)
  2 worms (D:2)
  A dart slug (D:5)
  5 orcs (D:4)
  3 ball pythons
  3 bats (D:2)
  3 endoplasms
  5 giant cockroaches
  4 goblins
  4 hobgoblins
  10 jackals
  4 kobolds
  4 quokkas
  5 frilled lizards
  4 rats
76 creatures vanquished.

Table legend:
 A = Non-vault XP
 B = Vault XP
 C = Vault XP percentage of total XP
 D = Non-vault monster count
 E = Vault monster count
 F = Vault count percentage of total count
                 A         B        C        D         E       F
            +---------+---------+-------+---------+---------+-------
      Total |    1580 |     171 |   9.8 |      65 |      11 |  14.5
            +---------+---------+-------+---------+---------+-------
        D:1 |      30 |       8 |  21.1 |      18 |       4 |  18.2
        D:2 |      28 |      43 |  60.6 |      14 |       5 |  26.3
        D:4 |     452 |     120 |  21.0 |      24 |       2 |   7.7
        D:5 |     353 |       0 |   0.0 |       8 |       0 |   0.0
    Abyss:2 |     717 |       0 |   0.0 |       1 |       0 |   0.0
            +---------+---------+-------+---------+---------+-------

Illustrated notes

Table legend:
 A = Kills in this place as a percentage of kills in entire the game.
 B = Kills by you in this place as a percentage of kills by you in the entire game.
 C = Kills by friends in this place as a percentage of kills by friends in the entire game.
 D = Other kills in this place as a percentage of other kills in the entire game.
 E = Experience gained in this place as a percentage of experience gained in the entire game.
 F = Experience gained in this place divided by the number of levels of this place that you have seen.
                   A       B       C       D       E      F
               +-------+-------+-------+-------+-------+----------------------
         Total | 100.0 | 100.0 |   N/A |   N/A | 100.0 | 250.1
       Dungeon |  98.7 |  98.7 |   N/A |   N/A |  59.1 | 258.5
         Abyss |   1.3 |   1.3 |   N/A |   N/A |  40.9 | 358.5
               +-------+-------+-------+-------+-------+----------------------

Table legend: (Time is in decaauts)
 A = Elapsed time spent in this place.
 B = Non-inter-level travel time spent in this place.
 C = Inter-level travel time spent in this place.
 D = Time resting spent in this place.
 E = Time spent auto-exploring this place.
 F = Levels seen in this place.
 G = Mean time per level.
                   A        B        C        D        E       F      G
               +--------+--------+--------+--------+--------+-----+--------+
         Total |   3547 |   3430 |    117 |      0 |   2898 |   7 |  506.7 |
       Dungeon |   3368 |   3251 |    117 |      0 |   2811 |   4 |  842.0 |
        Temple |      1 |      1 |      0 |      0 |      0 |   1 |    1.0 |
         Abyss |    177 |    177 |      0 |      0 |     87 |   2 |   88.5 |
               +--------+--------+--------+--------+--------+-----+--------+

Top non-repeatable levels by time:
     D:4: 1486 daAuts
     D:1: 1009 daAuts
     D:2: 613 daAuts
     D:5: 258 daAuts
 Abyss:2: 154 daAuts
 Abyss:1: 23 daAuts
  Temple: 1 daAuts
